[ PARTIDA AOE2 · #467425892 ]
Team RMMaya vs Portuguese
[ ANÁLISIS DE REPETICIÓN · EXTRAÍDO DE LA PARTIDA GRABADA ]
Feudal
11:16
Castillos
17:16
Imperial
32:48
| APM promedio | 17.4 |
| APM pico | 35 |
| eAPM promedio | 11.8 |
| Aldeanos / militares | 129 / 156 |
Foco
⚔️ 33.6% · 🌾 66.4%
Skirmisher ×50 · Eagle Scout ×44 · Archer ×40 · Trade Cart ×15 · Battering Ram ×6 · Monk ×5
Feudal
11:53
Castillos
17:53
Imperial
36:16
| APM promedio | 15.6 |
| APM pico | 39 |
| eAPM promedio | 12.3 |
| Aldeanos / militares | 120 / 264 |
Foco
⚔️ 30.8% · 🌾 69.2%
Spearman ×107 · Ballista Elephant ×87 · Skirmisher ×37 · Trade Cart ×19 · Scout Cavalry ×14 · Trebuchet (Packed) ×12
Feudal
13:50
Castillos
19:10
Imperial
56:23
| APM promedio | 12.0 |
| APM pico | 37 |
| eAPM promedio | 9.1 |
| Aldeanos / militares | 92 / 162 |
Foco
⚔️ 30.3% · 🌾 69.7%
Skirmisher ×62 · Throwing Axeman ×51 · Mangonel ×16 · Militia ×8 · Knight ×7 · Spearman ×6
Feudal
14:54
Castillos
24:20
Imperial
57:47
| APM promedio | 12.4 |
| APM pico | 67 |
| eAPM promedio | 11.0 |
| Aldeanos / militares | 70 / 210 |
Foco
⚔️ 55.6% · 🌾 44.4%
Organ Gun ×107 · Militia ×103 · Trade Cart ×3
Feudal
13:13
Castillos
22:39
Imperial
42:55
| APM promedio | 14.7 |
| APM pico | 30 |
| eAPM promedio | 9.4 |
| Aldeanos / militares | 122 / 158 |
Foco
⚔️ 21.2% · 🌾 78.8%
Camel Scout ×112 · Hand Cannoneer ×25 · Trade Cart ×15 · Bombard Cannon ×9 · Skirmisher ×6 · Ghulam ×3
Feudal
12:18
Castillos
19:55
Imperial
—
| APM promedio | 8.7 |
| APM pico | 28 |
| eAPM promedio | 5.7 |
| Aldeanos / militares | 88 / 162 |
Foco
⚔️ 36.0% · 🌾 64.0%
Knight ×62 · Scout Cavalry ×35 · Spearman ×30 · Militia ×15 · Tarkan ×10 · Battering Ram ×5
Mapa de la partida
Recursos al inicio + cada clic de construcción. Línea gruesa = muro · recuadro discontinuo = muro de casas detectado. 🟡 oro · ⚪ piedra · 🟢 bayas · 🔶 jabalí · ⭕ reliquia
Inputs por minuto
— wacend - - Testudo
Build order — wacend
Primeras 150 de 360 acciones detectadas
| 0:03 | Crear | Villager (Male) |
| 0:03 | Crear | Villager (Male) |
| 0:05 | Construir | House |
| 0:09 | Construir | House |
| 0:14 | Crear | Villager (Male) |
| 0:15 | Crear | Villager (Male) |
| 1:49 | Crear | Villager (Male) |
| 2:21 | Crear | Villager (Male) |
| 2:21 | Crear | Villager (Male) |
| 2:33 | Crear | Villager (Male) |
| 2:56 | Construir | Lumber Camp |
| 3:12 | Crear | Villager (Male) |
| 4:00 | Crear | Villager (Male) |
| 4:24 | Construir | House |
| 4:29 | Crear | Villager (Male) |
| 4:52 | Crear | Villager (Male) |
| 4:52 | Crear | Villager (Male) |
| 5:06 | Crear | Villager (Male) |
| 5:28 | Construir | Mill |
| 5:48 | Crear | Villager (Male) |
| 6:22 | Crear | Villager (Male) |
| 6:22 | Crear | Villager (Male) |
| 6:31 | Construir | House |
| 6:37 | Crear | Villager (Male) |
| 6:42 | Crear | Villager (Male) |
| 7:27 | Crear | Villager (Male) |
| 7:42 | Crear | Villager (Male) |
| 8:17 | Crear | Villager (Male) |
| 8:57 | Investigar | Feudal Age |
| 9:41 | Crear | Villager (Male) |
| 9:41 | Crear | Villager (Male) |
| 9:46 | Construir | House |
| 9:47 | Construir | House |
| 10:35 | Crear | Villager (Male) |
| 10:35 | Crear | Villager (Male) |
| 10:58 | Crear | Villager (Male) |
| 11:16 | Edad | Edad Feudal |
| 11:35 | Construir | Mining Camp |
| 11:50 | Crear | Villager (Male) |
| 11:54 | Investigar | Horse Collar |
| 11:57 | Investigar | Double-Bit Axe |
| 12:18 | Construir | Market |
| 12:26 | Construir | Blacksmith |
| 12:36 | Crear | Villager (Male) |
| 12:55 | Construir | Farm |
| 12:56 | Construir | Farm |
| 13:04 | Construir | Farm |
| 13:09 | Crear | Villager (Male) |
| 13:14 | Construir | Farm |
| 13:18 | Construir | Farm |
| 13:24 | Construir | Farm |
| 13:40 | Crear | Villager (Male) |
| 14:07 | Investigar | Gold Mining |
| 14:29 | Investigar | Castle Age |
| 15:17 | Crear | Villager (Male) |
| 15:17 | Crear | Villager (Male) |
| 15:31 | Construir | House |
| 15:33 | Construir | House |
| 15:34 | Construir | House |
| 15:35 | Construir | House |
| 15:36 | Construir | House |
| 15:37 | Construir | House |
| 15:54 | Construir | Mining Camp |
| 16:10 | Crear | Villager (Male) |
| 16:11 | Crear | Villager (Male) |
| 16:26 | Construir | Farm |
| 16:51 | Investigar | Stone Mining |
| 17:16 | Edad | Edad de los Castillos |
| 17:19 | Construir | Town Center |
| 17:36 | Construir | Town Center |
| 17:48 | Construir | Monastery |
| 18:01 | Construir | Barracks |
| 18:07 | Construir | Farm |
| 18:10 | Construir | Farm |
| 18:12 | Crear | Villager (Male) |
| 18:13 | Crear | Villager (Male) |
| 18:13 | Crear | Villager (Male) |
| 18:22 | Construir | House |
| 18:23 | Construir | House |
| 18:45 | Crear | Monk |
| 18:45 | Crear | Monk |
| 18:59 | Construir | Farm |
| 19:03 | Construir | Farm |
| 19:05 | Crear | Villager (Male) |
| 19:16 | Crear | Villager (Male) ×2 |
| 19:25 | Construir | Farm |
| 19:26 | Construir | Farm |
| 19:31 | Crear | Villager (Male) |
| 20:01 | Crear | Villager (Male) |
| 20:02 | Crear | Villager (Male) |
| 20:07 | Construir | Farm |
| 20:08 | Construir | Farm |
| 20:11 | Construir | Farm |
| 20:14 | Crear | Villager (Male) |
| 20:23 | Construir | Farm |
| 20:25 | Construir | Farm |
| 20:26 | Construir | Farm |
| 20:46 | Crear | Monk |
| 20:57 | Crear | Spearman |
| 21:35 | Crear | Eagle Scout |
| 21:35 | Crear | Eagle Scout |
| 23:09 | Construir | Siege Workshop |
| 23:17 | Crear | Villager (Male) ×5 |
| 23:20 | Crear | Villager (Male) ×5 |
| 23:23 | Crear | Villager (Male) ×5 |
| 23:27 | Construir | Farm |
| 23:51 | Crear | Eagle Scout |
| 23:51 | Crear | Eagle Scout |
| 24:20 | Crear | Battering Ram |
| 24:20 | Crear | Battering Ram |
| 24:35 | Crear | Battering Ram |
| 24:35 | Crear | Battering Ram |
| 24:59 | Construir | Archery Range |
| 25:15 | Crear | Monk |
| 25:51 | Crear | Battering Ram |
| 25:55 | Investigar | Crossbowman (upgrade) |
| 25:56 | Crear | Archer |
| 25:57 | Crear | Archer |
| 26:03 | Construir | Siege Workshop |
| 26:07 | Construir | Farm |
| 26:10 | Construir | Farm |
| 26:12 | Construir | Farm |
| 26:13 | Construir | Farm |
| 26:17 | Crear | Villager (Male) |
| 26:18 | Crear | Villager (Male) |
| 26:18 | Crear | Villager (Male) |
| 26:19 | Crear | Villager (Male) |
| 26:31 | Construir | Farm |
| 26:37 | Crear | Villager (Male) |
| 26:37 | Crear | Villager (Male) |
| 26:45 | Crear | Villager (Male) |
| 26:45 | Crear | Villager (Male) |
| 26:46 | Crear | Villager (Male) |
| 26:50 | Construir | Farm |
| 26:53 | Investigar | Heavy Plow |
| 27:17 | Crear | Archer |
| 27:18 | Crear | Archer |
| 27:18 | Crear | Archer |
| 27:24 | Construir | Farm |
| 27:25 | Construir | Farm |
| 27:38 | Crear | Villager (Male) |
| 27:38 | Crear | Villager (Male) |
| 27:39 | Crear | Villager (Male) |
| 27:47 | Construir | University |
| 28:04 | Crear | Villager (Male) |
| 28:04 | Crear | Villager (Male) |
| 28:20 | Construir | Castle |
| 28:29 | Crear | Battering Ram |
| 28:35 | Construir | House |
| 28:37 | Construir | House |
Build order — Testudo
Primeras 150 de 362 acciones detectadas
| 0:08 | Construir | House |
| 0:14 | Crear | Villager (Male) ×4 |
| 0:14 | Crear | Villager (Male) ×4 |
| 0:49 | Construir | House |
| 0:50 | Construir | House |
| 0:52 | Construir | House |
| 1:50 | Crear | Villager (Male) |
| 2:26 | Crear | Villager (Male) |
| 3:08 | Crear | Villager (Male) |
| 3:44 | Crear | Villager (Male) |
| 3:44 | Crear | Villager (Male) |
| 4:17 | Crear | Villager (Male) |
| 4:28 | Crear | Villager (Male) ×3 |
| 4:28 | Crear | Villager (Male) ×3 |
| 4:43 | Crear | Villager (Male) |
| 5:21 | Construir | Mill |
| 6:06 | Crear | Villager (Male) ×4 |
| 7:12 | Crear | Villager (Male) |
| 7:48 | Crear | Villager (Male) |
| 7:48 | Crear | Villager (Male) |
| 7:49 | Crear | Villager (Male) |
| 7:49 | Crear | Villager (Male) |
| 8:11 | Construir | Farm |
| 8:29 | Construir | Lumber Camp |
| 8:46 | Construir | Farm |
| 8:47 | Construir | Farm |
| 8:49 | Construir | Farm |
| 8:51 | Construir | Farm |
| 8:57 | Construir | Farm |
| 9:27 | Investigar | Feudal Age |
| 9:29 | Crear | Villager (Male) |
| 10:00 | Construir | House |
| 10:02 | Construir | House |
| 10:04 | Construir | House |
| 10:06 | Construir | House |
| 10:08 | Construir | House |
| 10:17 | Crear | Villager (Male) ×4 |
| 10:44 | Crear | Villager (Male) |
| 10:54 | Construir | Mining Camp |
| 11:00 | Crear | Villager (Male) |
| 11:53 | Edad | Edad Feudal |
| 12:02 | Crear | Villager (Male) |
| 12:34 | Construir | Market |
| 12:52 | Crear | Villager (Male) |
| 13:25 | Construir | Blacksmith |
| 13:38 | Crear | Villager (Male) |
| 13:56 | Construir | Farm |
| 13:57 | Construir | Farm |
| 14:00 | Construir | Farm |
| 14:15 | Construir | Farm |
| 14:24 | Construir | Farm |
| 14:27 | Construir | Farm |
| 14:29 | Construir | Farm |
| 14:32 | Construir | Farm |
| 14:59 | Investigar | Castle Age |
| 15:13 | Construir | Barracks |
| 15:34 | Crear | Villager (Male) |
| 15:35 | Crear | Villager (Male) |
| 15:57 | Construir | Archery Range |
| 16:21 | Construir | Mining Camp |
| 16:43 | Construir | House |
| 16:45 | Construir | House |
| 16:46 | Construir | House |
| 16:48 | Construir | House |
| 16:49 | Construir | House |
| 16:51 | Construir | House |
| 16:53 | Construir | House |
| 16:55 | Construir | House |
| 16:57 | Construir | House |
| 17:05 | Construir | House |
| 17:09 | Construir | House |
| 17:13 | Construir | House |
| 17:20 | Crear | Villager (Male) ×5 |
| 17:20 | Crear | Villager (Male) ×3 |
| 17:37 | Crear | Villager (Male) |
| 17:53 | Edad | Edad de los Castillos |
| 18:23 | Crear | Villager (Male) ×2 |
| 18:45 | Investigar | Double-Bit Axe |
| 19:37 | Construir | Town Center |
| 19:47 | Crear | Villager (Male) |
| 19:47 | Crear | Villager (Male) |
| 20:12 | Construir | Town Center |
| 20:28 | Construir | Town Center |
| 20:49 | Crear | Villager (Male) ×5 |
| 20:49 | Crear | Villager (Male) ×4 |
| 20:49 | Crear | Villager (Male) ×4 |
| 21:08 | Construir | House |
| 21:10 | Construir | House |
| 21:11 | Construir | House |
| 21:15 | Construir | House |
| 21:19 | Construir | House |
| 21:20 | Construir | House |
| 21:21 | Construir | House |
| 21:23 | Construir | House |
| 21:28 | Construir | Farm |
| 21:36 | Crear | Villager (Male) ×3 |
| 21:38 | Investigar | Loom |
| 21:49 | Construir | Farm |
| 21:50 | Construir | Farm |
| 21:54 | Construir | Farm |
| 21:56 | Construir | Farm |
| 22:05 | Crear | Villager (Male) |
| 22:19 | Construir | Farm |
| 22:22 | Construir | Farm |
| 22:26 | Construir | Farm |
| 22:28 | Construir | Farm |
| 22:30 | Construir | Farm |
| 22:49 | Crear | Villager (Male) ×3 |
| 22:57 | Construir | Farm |
| 22:58 | Construir | Farm |
| 22:59 | Construir | Farm |
| 23:00 | Construir | Farm |
| 23:06 | Construir | Farm |
| 23:12 | Construir | Farm |
| 23:17 | Crear | Villager (Male) ×2 |
| 23:28 | Construir | Farm |
| 23:29 | Construir | Farm |
| 23:30 | Construir | Farm |
| 24:00 | Construir | Monastery |
| 24:12 | Crear | Villager (Male) |
| 24:13 | Crear | Villager (Male) |
| 24:16 | Crear | Villager (Male) |
| 24:17 | Crear | Villager (Male) |
| 24:17 | Crear | Villager (Male) |
| 24:17 | Crear | Villager (Male) |
| 24:18 | Crear | Villager (Male) |
| 24:36 | Crear | Trade Cart ×4 |
| 24:43 | Crear | Monk |
| 24:43 | Crear | Monk |
| 24:50 | Investigar | Pikeman (upgrade) |
| 24:50 | Crear | Spearman ×2 |
| 24:57 | Crear | Villager (Male) |
| 25:02 | Crear | Villager (Male) |
| 25:12 | Crear | Villager (Male) |
| 25:21 | Construir | Farm |
| 25:37 | Construir | Farm |
| 25:40 | Construir | Farm |
| 25:42 | Construir | Farm |
| 25:45 | Construir | Farm |
| 25:48 | Construir | Farm |
| 25:50 | Construir | Farm |
| 25:52 | Construir | Farm |
| 26:01 | Construir | Farm |
| 26:03 | Construir | Farm |
| 26:05 | Construir | Farm |
| 26:06 | Construir | Farm |
| 26:11 | Investigar | Horse Collar |
| 26:15 | Crear | Villager (Male) |
| 26:16 | Crear | Villager (Male) |
| 26:20 | Crear | Villager (Male) |
Build order — Goeki
Primeras 150 de 243 acciones detectadas
| 0:13 | Construir | House |
| 0:15 | Construir | House |
| 0:18 | Construir | House |
| 0:21 | Construir | House |
| 0:31 | Investigar | Loom |
| 0:32 | Crear | Villager (Male) ×4 |
| 1:21 | Construir | Mill |
| 2:26 | Crear | Villager (Male) |
| 3:02 | Crear | Villager (Male) |
| 3:26 | Crear | Villager (Male) |
| 3:53 | Crear | Villager (Male) |
| 4:04 | Crear | Villager (Male) |
| 4:35 | Crear | Villager (Male) |
| 4:43 | Crear | Villager (Male) |
| 5:20 | Crear | Villager (Male) |
| 5:45 | Crear | Villager (Male) |
| 6:09 | Construir | Lumber Camp |
| 6:15 | Crear | Villager (Male) ×2 |
| 6:35 | Crear | Villager (Male) |
| 6:48 | Crear | Villager (Male) |
| 7:12 | Crear | Villager (Male) |
| 7:49 | Crear | Villager (Male) |
| 8:28 | Construir | House |
| 8:30 | Construir | House |
| 8:32 | Construir | House |
| 8:34 | Construir | House |
| 8:39 | Crear | Villager (Male) |
| 9:18 | Crear | Villager (Male) |
| 9:37 | Crear | Villager (Male) |
| 10:41 | Construir | House |
| 10:43 | Construir | House |
| 10:47 | Construir | House |
| 11:40 | Investigar | Feudal Age |
| 12:49 | Construir | Barracks |
| 12:53 | Construir | Barracks |
| 13:50 | Edad | Edad Feudal |
| 13:58 | Construir | Mining Camp |
| 14:09 | Construir | Market |
| 14:15 | Construir | Blacksmith |
| 14:56 | Construir | Mining Camp |
| 16:20 | Construir | Farm |
| 16:22 | Construir | Farm |
| 16:23 | Construir | Farm |
| 16:26 | Construir | Farm |
| 16:30 | Investigar | Castle Age |
| 16:38 | Investigar | Double-Bit Axe |
| 17:17 | Construir | House |
| 17:18 | Construir | House |
| 17:19 | Construir | House |
| 17:34 | Crear | Villager (Male) ×3 |
| 18:58 | Construir | Stable |
| 19:03 | Construir | Stable |
| 19:09 | Investigar | Man-at-Arms (upgrade) |
| 19:10 | Edad | Edad de los Castillos |
| 19:11 | Investigar | Arson |
| 20:18 | Construir | Castle |
| 21:09 | Investigar | Long Swordsman (upgrade) |
| 21:10 | Crear | Militia |
| 21:28 | Construir | Town Center |
| 21:34 | Crear | Villager (Male) |
| 21:42 | Construir | Farm |
| 21:44 | Construir | Farm |
| 21:45 | Construir | Farm |
| 22:44 | Investigar | Gambesons |
| 22:53 | Construir | Farm |
| 22:55 | Construir | Farm |
| 22:56 | Construir | Farm |
| 22:57 | Construir | Farm |
| 23:16 | Crear | Militia |
| 23:45 | Crear | Villager (Male) |
| 23:45 | Crear | Villager (Male) |
| 24:52 | Crear | Villager (Male) ×4 |
| 26:01 | Crear | Militia ×4 |
| 26:12 | Crear | Villager (Male) |
| 26:25 | Crear | Throwing Axeman |
| 26:41 | Crear | Villager (Male) |
| 26:54 | Crear | Villager (Male) |
| 27:10 | Construir | University |
| 27:23 | Construir | Farm |
| 27:29 | Crear | Villager (Male) ×2 |
| 27:40 | Crear | Throwing Axeman |
| 28:17 | Crear | Throwing Axeman ×2 |
| 28:29 | Crear | Villager (Male) |
| 29:02 | Construir | Town Center |
| 29:11 | Crear | Villager (Male) ×4 |
| 29:54 | Construir | Monastery |
| 30:00 | Investigar | Fletching |
| 30:06 | Crear | Villager (Male) |
| 30:30 | Crear | Throwing Axeman |
| 30:41 | Crear | Militia ×2 |
| 31:09 | Crear | Throwing Axeman ×2 |
| 31:29 | Construir | Siege Workshop |
| 31:31 | Construir | Siege Workshop |
| 31:44 | Crear | Throwing Axeman ×2 |
| 31:55 | Crear | Spearman |
| 32:08 | Construir | Farm |
| 32:10 | Crear | Villager (Male) |
| 32:21 | Crear | Villager (Male) |
| 32:42 | Crear | Throwing Axeman |
| 32:47 | Crear | Battering Ram ×3 |
| 32:56 | Construir | Mining Camp |
| 33:17 | Crear | Throwing Axeman ×3 |
| 34:54 | Investigar | Murder Holes |
| 35:01 | Crear | Villager (Male) ×4 |
| 35:50 | Investigar | Light Cavalry (upgrade) |
| 35:58 | Construir | Archery Range |
| 36:00 | Construir | Archery Range |
| 36:03 | Construir | Archery Range |
| 36:08 | Crear | Villager (Male) ×2 |
| 36:28 | Crear | Villager (Male) ×2 |
| 36:41 | Construir | Mining Camp |
| 37:02 | Investigar | Forging |
| 37:20 | Investigar | Elite Skirmisher (upgrade) |
| 37:31 | Construir | Farm |
| 37:34 | Construir | Farm |
| 37:38 | Crear | Villager (Male) ×2 |
| 37:53 | Construir | Lumber Camp |
| 37:57 | Crear | Villager (Male) ×2 |
| 38:03 | Investigar | Ballistics |
| 38:22 | Crear | Villager (Male) |
| 38:40 | Construir | Farm |
| 38:49 | Investigar | Gold Mining |
| 39:03 | Construir | Farm |
| 39:08 | Crear | Villager (Male) ×3 |
| 39:44 | Construir | Archery Range |
| 39:57 | Construir | Farm |
| 40:01 | Crear | Villager (Male) ×5 |
| 40:11 | Crear | Skirmisher ×3 |
| 40:11 | Crear | Skirmisher ×3 |
| 40:41 | Construir | Castle |
| 40:50 | Construir | Farm |
| 40:51 | Construir | Farm |
| 40:53 | Construir | Farm |
| 40:54 | Construir | Farm |
| 41:05 | Construir | Farm |
| 41:10 | Crear | Villager (Male) ×5 |
| 41:32 | Crear | Villager (Male) ×4 |
| 41:46 | Crear | Skirmisher ×4 |
| 41:54 | Construir | Farm |
| 41:56 | Construir | Farm |
| 41:58 | Construir | Farm |
| 42:15 | Construir | Farm |
| 42:17 | Construir | Farm |
| 42:32 | Construir | Farm |
| 42:41 | Construir | Farm |
| 42:49 | Crear | Skirmisher ×5 |
| 42:49 | Crear | Skirmisher ×5 |
| 43:11 | Construir | House |
| 43:12 | Construir | House |
| 43:13 | Construir | House |
Build order — NewTurco
Primeras 150 de 385 acciones detectadas
| 0:31 | Construir | House |
| 0:32 | Construir | House |
| 0:34 | Construir | House |
| 0:35 | Construir | House |
| 0:36 | Construir | House |
| 0:37 | Construir | House |
| 0:38 | Construir | House |
| 0:41 | Construir | House |
| 0:51 | Crear | Villager (Male) |
| 1:41 | Crear | Villager (Male) |
| 1:41 | Crear | Villager (Male) |
| 1:41 | Crear | Villager (Male) |
| 3:14 | Crear | Villager (Male) |
| 3:14 | Crear | Villager (Male) |
| 3:59 | Crear | Villager (Male) |
| 4:14 | Crear | Villager (Male) |
| 4:34 | Crear | Villager (Male) |
| 5:14 | Crear | Villager (Male) |
| 5:36 | Investigar | Loom |
| 5:49 | Crear | Villager (Male) |
| 6:13 | Crear | Villager (Male) |
| 6:36 | Construir | Lumber Camp |
| 6:41 | Crear | Villager (Male) |
| 7:59 | Crear | Villager (Male) |
| 7:59 | Crear | Villager (Male) |
| 9:49 | Crear | Villager (Male) |
| 9:49 | Crear | Villager (Male) |
| 9:50 | Crear | Villager (Male) |
| 9:50 | Crear | Villager (Male) |
| 9:50 | Crear | Villager (Male) |
| 9:50 | Crear | Villager (Male) |
| 9:51 | Crear | Villager (Male) |
| 11:21 | Construir | Mill |
| 12:10 | Investigar | Feudal Age |
| 12:20 | Construir | Mining Camp |
| 13:04 | Construir | Farm |
| 13:11 | Crear | Villager (Male) |
| 13:11 | Crear | Villager (Male) |
| 13:13 | Crear | Villager (Male) |
| 13:13 | Crear | Villager (Male) |
| 13:14 | Crear | Villager (Male) |
| 14:54 | Edad | Edad Feudal |
| 14:57 | Investigar | Horse Collar |
| 15:03 | Investigar | Gold Mining |
| 15:04 | Investigar | Stone Mining |
| 15:09 | Investigar | Double-Bit Axe |
| 15:27 | Construir | Mill |
| 15:45 | Crear | Villager (Male) |
| 15:45 | Crear | Villager (Male) |
| 15:46 | Crear | Villager (Male) |
| 15:54 | Construir | Mining Camp |
| 16:21 | Construir | Mining Camp |
| 16:41 | Construir | Mining Camp |
| 16:47 | Investigar | Wheelbarrow |
| 17:30 | Construir | Farm |
| 17:31 | Construir | Farm |
| 17:35 | Construir | Farm |
| 17:36 | Construir | Farm |
| 17:39 | Construir | Farm |
| 17:43 | Construir | Farm |
| 17:45 | Construir | Farm |
| 17:55 | Construir | Farm |
| 17:57 | Construir | Farm |
| 17:59 | Construir | Farm |
| 18:01 | Construir | Farm |
| 18:03 | Construir | Farm |
| 18:05 | Construir | Farm |
| 18:09 | Construir | Farm |
| 18:34 | Construir | Barracks |
| 18:39 | Crear | Villager (Male) |
| 18:39 | Crear | Villager (Male) |
| 18:40 | Crear | Villager (Male) |
| 18:40 | Crear | Villager (Male) |
| 18:40 | Crear | Villager (Male) |
| 18:40 | Crear | Villager (Male) |
| 19:48 | Construir | Mining Camp |
| 20:04 | Construir | Market |
| 20:14 | Construir | Blacksmith |
| 21:40 | Investigar | Castle Age |
| 22:06 | Construir | Barracks |
| 22:07 | Construir | Barracks |
| 22:09 | Construir | Barracks |
| 22:11 | Construir | Barracks |
| 22:33 | Investigar | Padded Archer Armor |
| 22:33 | Investigar | Fletching |
| 22:34 | Investigar | Forging |
| 22:52 | Crear | Trade Cart |
| 22:53 | Crear | Trade Cart |
| 22:53 | Crear | Trade Cart |
| 24:20 | Edad | Edad de los Castillos |
| 24:22 | Construir | Barracks |
| 24:23 | Construir | Barracks |
| 24:26 | Construir | Barracks |
| 24:31 | Investigar | Heavy Plow |
| 24:35 | Investigar | Stone Shaft Mining |
| 24:49 | Crear | Villager (Male) |
| 24:49 | Crear | Villager (Male) |
| 24:50 | Crear | Villager (Male) |
| 24:50 | Crear | Villager (Male) |
| 24:50 | Crear | Villager (Male) |
| 24:51 | Crear | Villager (Male) |
| 24:51 | Crear | Villager (Male) |
| 24:52 | Crear | Villager (Male) |
| 24:52 | Crear | Villager (Male) |
| 25:24 | Construir | House |
| 25:26 | Construir | House |
| 25:28 | Construir | House |
| 25:30 | Construir | House |
| 26:34 | Construir | Town Center |
| 26:57 | Investigar | Gambesons |
| 26:58 | Investigar | Man-at-Arms (upgrade) |
| 27:01 | Investigar | Arson |
| 28:21 | Construir | Farm |
| 28:38 | Investigar | Coinage |
| 28:38 | Investigar | Caravan |
| 28:42 | Investigar | Scale Barding Armor |
| 28:42 | Investigar | Scale Mail Armor |
| 29:13 | Construir | Barracks |
| 29:15 | Construir | Barracks |
| 29:17 | Construir | Barracks |
| 29:19 | Construir | Barracks |
| 29:21 | Construir | Barracks |
| 29:23 | Construir | Barracks |
| 29:25 | Construir | Barracks |
| 29:44 | Crear | Villager (Male) |
| 29:44 | Crear | Villager (Male) |
| 29:44 | Crear | Villager (Male) |
| 29:45 | Crear | Villager (Male) |
| 29:45 | Crear | Villager (Male) |
| 29:45 | Crear | Villager (Male) |
| 29:46 | Crear | Villager (Male) |
| 29:46 | Crear | Villager (Male) |
| 29:46 | Crear | Villager (Male) |
| 30:14 | Investigar | Long Swordsman (upgrade) |
| 30:23 | Investigar | Hand Cart |
| 30:46 | Construir | Castle |
| 30:50 | Construir | Castle |
| 30:54 | Construir | Castle |
| 32:34 | Crear | Villager (Male) |
| 32:35 | Crear | Villager (Male) |
| 32:35 | Crear | Villager (Male) |
| 32:36 | Crear | Villager (Male) |
| 32:36 | Crear | Villager (Male) |
| 32:53 | Crear | Villager (Male) |
| 32:53 | Crear | Villager (Male) |
| 32:54 | Crear | Villager (Male) |
| 32:55 | Crear | Villager (Male) |
| 33:06 | Investigar | Chain Mail Armor |
| 33:07 | Investigar | Chain Barding Armor |
| 33:53 | Construir | Farm |
Build order — DeekInSight
Primeras 150 de 361 acciones detectadas
| 0:08 | Construir | House |
| 0:10 | Crear | Villager (Male) |
| 0:10 | Investigar | Loom |
| 0:11 | Crear | Villager (Male) |
| 0:11 | Crear | Villager (Male) |
| 0:50 | Construir | House |
| 1:42 | Crear | Villager (Male) |
| 1:42 | Crear | Villager (Male) |
| 2:04 | Crear | Villager (Male) |
| 2:04 | Crear | Villager (Male) |
| 2:54 | Crear | Villager (Male) |
| 3:15 | Crear | Villager (Male) |
| 4:04 | Crear | Villager (Male) |
| 4:04 | Crear | Villager (Male) |
| 4:04 | Crear | Villager (Male) |
| 4:13 | Construir | Mill |
| 5:26 | Crear | Villager (Male) |
| 5:33 | Construir | House |
| 5:45 | Crear | Villager (Male) |
| 5:45 | Crear | Villager (Male) |
| 5:45 | Crear | Villager (Male) |
| 7:17 | Crear | Villager (Male) |
| 7:17 | Crear | Villager (Male) |
| 7:17 | Crear | Villager (Male) |
| 8:04 | Construir | House |
| 8:25 | Construir | House |
| 8:28 | Crear | Villager (Male) |
| 8:28 | Crear | Villager (Male) |
| 8:45 | Construir | Mill |
| 9:05 | Construir | Mill |
| 10:04 | Construir | Lumber Camp |
| 10:06 | Crear | Villager (Male) |
| 11:03 | Investigar | Feudal Age |
| 11:26 | Construir | House |
| 11:30 | Construir | House |
| 12:50 | Construir | House |
| 13:13 | Edad | Edad Feudal |
| 13:13 | Crear | Villager (Male) |
| 13:13 | Crear | Villager (Male) |
| 13:13 | Crear | Villager (Male) |
| 13:16 | Investigar | Double-Bit Axe |
| 13:31 | Construir | Blacksmith |
| 13:48 | Construir | Market |
| 14:04 | Crear | Villager (Male) |
| 14:32 | Construir | House |
| 15:02 | Construir | Mining Camp |
| 15:09 | Crear | Villager (Male) |
| 15:11 | Crear | Villager (Male) |
| 15:41 | Investigar | Gold Mining |
| 15:58 | Crear | Villager (Male) |
| 15:58 | Crear | Villager (Male) |
| 16:24 | Construir | Mill |
| 16:46 | Construir | Mining Camp |
| 17:01 | Crear | Villager (Male) |
| 17:51 | Crear | Villager (Male) |
| 17:51 | Crear | Villager (Male) |
| 18:03 | Construir | Mill |
| 18:24 | Investigar | Stone Mining |
| 18:47 | Crear | Villager (Male) |
| 19:59 | Investigar | Castle Age |
| 20:07 | Investigar | Horse Collar |
| 20:22 | Construir | Farm |
| 20:24 | Construir | Farm |
| 20:25 | Construir | Farm |
| 20:26 | Construir | Farm |
| 20:28 | Construir | Farm |
| 20:29 | Construir | Farm |
| 20:32 | Construir | Farm |
| 20:41 | Crear | Trade Cart |
| 20:41 | Crear | Trade Cart |
| 22:17 | Crear | Villager (Male) |
| 22:17 | Crear | Villager (Male) |
| 22:17 | Crear | Villager (Male) |
| 22:18 | Crear | Villager (Male) |
| 22:18 | Crear | Villager (Male) |
| 22:39 | Edad | Edad de los Castillos |
| 22:56 | Construir | Town Center |
| 23:00 | Crear | Villager (Male) |
| 23:01 | Crear | Villager (Male) |
| 23:17 | Investigar | Stone Shaft Mining |
| 23:27 | Construir | Castle |
| 24:09 | Crear | Villager (Male) |
| 24:09 | Crear | Villager (Male) |
| 24:09 | Crear | Villager (Male) |
| 24:09 | Crear | Villager (Male) |
| 25:25 | Investigar | Grand Trunk Road |
| 25:40 | Investigar | Wheelbarrow |
| 25:43 | Crear | Villager (Male) |
| 25:43 | Crear | Villager (Male) |
| 25:44 | Crear | Villager (Male) |
| 25:44 | Crear | Villager (Male) |
| 25:50 | Construir | Monastery |
| 25:59 | Construir | University |
| 26:08 | Investigar | Fletching |
| 26:19 | Investigar | Gold Shaft Mining |
| 26:32 | Crear | Trade Cart |
| 26:38 | Crear | Villager (Male) |
| 26:38 | Crear | Villager (Male) |
| 26:39 | Crear | Villager (Male) |
| 26:51 | Crear | Monk |
| 27:19 | Crear | Ghulam |
| 27:20 | Crear | Ghulam |
| 27:20 | Crear | Ghulam |
| 27:33 | Construir | Barracks |
| 27:50 | Crear | Villager (Male) |
| 27:51 | Crear | Villager (Male) |
| 27:51 | Crear | Villager (Male) |
| 27:53 | Crear | Villager (Male) |
| 28:05 | Construir | Farm |
| 28:06 | Construir | Farm |
| 28:07 | Construir | Farm |
| 28:08 | Construir | Farm |
| 28:09 | Construir | Farm |
| 28:18 | Construir | Farm |
| 28:19 | Construir | Farm |
| 28:20 | Construir | Farm |
| 28:58 | Construir | Stable |
| 29:16 | Construir | Mining Camp |
| 29:29 | Investigar | Hand Cart |
| 29:32 | Crear | Villager (Male) |
| 29:32 | Crear | Villager (Male) |
| 29:32 | Crear | Villager (Male) |
| 29:32 | Crear | Villager (Male) |
| 29:51 | Construir | Farm |
| 29:52 | Construir | Farm |
| 29:53 | Construir | Farm |
| 29:55 | Construir | Farm |
| 29:57 | Construir | Farm |
| 30:52 | Crear | Spearman |
| 30:52 | Crear | Spearman |
| 31:09 | Construir | House |
| 31:10 | Construir | House |
| 31:11 | Construir | House |
| 31:12 | Construir | House |
| 31:12 | Construir | House |
| 31:13 | Construir | House |
| 31:25 | Construir | Stable |
| 31:26 | Construir | Stable |
| 31:28 | Construir | Stable |
| 31:43 | Investigar | Forging |
| 31:54 | Investigar | Scale Barding Armor |
| 32:00 | Investigar | Bow Saw |
| 32:02 | Investigar | Heavy Plow |
| 32:22 | Crear | Camel Scout |
| 32:26 | Crear | Camel Scout |
| 32:26 | Crear | Camel Scout |
| 32:27 | Crear | Camel Scout |
| 32:37 | Construir | Farm |
| 32:40 | Investigar | Iron Casting |
| 32:52 | Crear | Villager (Male) |
Build order — Solinaj
Primeras 150 de 157 acciones detectadas
| 0:15 | Crear | Villager (Male) ×4 |
| 0:17 | Investigar | Loom |
| 1:27 | Crear | Villager (Male) |
| 2:01 | Crear | Villager (Male) |
| 2:19 | Crear | Villager (Male) |
| 2:19 | Crear | Villager (Male) |
| 2:51 | Crear | Villager (Male) |
| 3:25 | Crear | Villager (Male) |
| 3:58 | Crear | Villager (Male) |
| 3:59 | Crear | Villager (Male) |
| 4:43 | Crear | Villager (Male) ×2 |
| 4:51 | Construir | Mill |
| 5:39 | Crear | Villager (Male) ×2 |
| 5:39 | Crear | Villager (Male) ×2 |
| 5:52 | Crear | Villager (Male) |
| 6:12 | Construir | Mining Camp |
| 7:30 | Crear | Villager (Male) ×3 |
| 8:23 | Construir | Lumber Camp |
| 10:08 | Investigar | Feudal Age |
| 11:19 | Crear | Villager (Male) ×5 |
| 11:40 | Crear | Villager (Male) |
| 12:09 | Construir | Farm |
| 12:10 | Construir | Farm |
| 12:12 | Construir | Farm |
| 12:13 | Construir | Farm |
| 12:15 | Construir | Farm |
| 12:17 | Construir | Farm |
| 12:18 | Edad | Edad Feudal |
| 12:19 | Construir | Farm |
| 12:53 | Construir | Farm |
| 13:16 | Construir | Blacksmith |
| 13:44 | Construir | Market |
| 14:17 | Construir | Barracks |
| 14:43 | Crear | Villager (Male) ×5 |
| 15:03 | Construir | Mining Camp |
| 15:31 | Construir | Farm |
| 16:35 | Construir | Farm |
| 17:01 | Construir | Stable |
| 17:15 | Investigar | Castle Age |
| 18:15 | Construir | Stable |
| 19:37 | Construir | Stable |
| 19:53 | Construir | Farm |
| 19:54 | Construir | Farm |
| 19:55 | Construir | Farm |
| 19:55 | Edad | Edad de los Castillos |
| 20:46 | Construir | Castle |
| 21:53 | Construir | Town Center |
| 23:07 | Investigar | Husbandry |
| 23:13 | Crear | Knight ×5 |
| 23:13 | Crear | Knight ×5 |
| 23:14 | Crear | Knight ×5 |
| 23:33 | Investigar | Double-Bit Axe |
| 23:44 | Investigar | Scale Barding Armor |
| 23:45 | Investigar | Scale Mail Armor |
| 23:49 | Investigar | Forging |
| 23:58 | Investigar | Squires |
| 24:21 | Crear | Tarkan |
| 25:11 | Construir | Siege Workshop |
| 26:25 | Crear | Battering Ram |
| 26:25 | Crear | Battering Ram |
| 26:53 | Construir | Farm |
| 26:58 | Crear | Villager (Male) ×5 |
| 26:58 | Crear | Villager (Male) ×5 |
| 26:59 | Crear | Villager (Male) ×3 |
| 27:08 | Crear | Battering Ram |
| 27:08 | Crear | Battering Ram |
| 27:58 | Crear | Knight |
| 28:51 | Crear | Battering Ram |
| 29:54 | Crear | Villager (Male) ×5 |
| 29:54 | Crear | Villager (Male) ×5 |
| 29:54 | Crear | Villager (Male) ×5 |
| 31:13 | Construir | Castle |
| 32:11 | Construir | Stable |
| 32:13 | Construir | Stable |
| 32:14 | Construir | Stable |
| 32:15 | Construir | Stable |
| 32:29 | Construir | Farm |
| 32:51 | Construir | Town Center |
| 33:08 | Construir | Farm |
| 33:38 | Crear | Tarkan ×5 |
| 33:38 | Crear | Tarkan ×2 |
| 33:38 | Crear | Tarkan ×2 |
| 33:53 | Construir | Town Center |
| 34:01 | Construir | Mining Camp |
| 34:34 | Construir | Farm |
| 34:54 | Construir | Farm |
| 35:02 | Construir | Farm |
| 35:36 | Construir | Barracks |
| 35:38 | Construir | Barracks |
| 35:40 | Construir | Barracks |
| 35:41 | Construir | Barracks |
| 35:52 | Construir | Farm |
| 35:54 | Construir | Farm |
| 35:58 | Crear | Villager (Male) ×5 |
| 35:58 | Crear | Villager (Male) ×5 |
| 36:24 | Construir | Lumber Camp |
| 36:30 | Crear | Villager (Male) ×5 |
| 36:31 | Crear | Villager (Male) ×5 |
| 36:46 | Crear | Trade Cart |
| 36:56 | Construir | Mining Camp |
| 37:04 | Investigar | Pikeman (upgrade) |
| 37:05 | Investigar | Arson |
| 37:06 | Investigar | Man-at-Arms (upgrade) |
| 37:14 | Construir | Farm |
| 37:20 | Crear | Villager (Male) ×5 |
| 37:20 | Crear | Villager (Male) ×2 |
| 38:37 | Crear | Militia ×5 |
| 38:37 | Crear | Militia ×5 |
| 38:37 | Crear | Militia ×5 |
| 39:01 | Crear | Knight ×2 |
| 40:05 | Crear | Knight ×5 |
| 40:06 | Crear | Knight |
| 40:06 | Crear | Knight ×2 |
| 40:16 | Construir | Farm |
| 40:17 | Construir | Farm |
| 40:18 | Construir | Farm |
| 40:19 | Construir | Farm |
| 40:21 | Construir | Farm |
| 40:22 | Construir | Farm |
| 40:24 | Construir | Farm |
| 40:25 | Construir | Farm |
| 40:26 | Construir | Farm |
| 40:27 | Construir | Farm |
| 40:29 | Construir | Farm |
| 40:30 | Construir | Farm |
| 40:31 | Construir | Farm |
| 41:42 | Construir | Farm |
| 41:47 | Construir | Farm |
| 42:06 | Crear | Spearman ×5 |
| 42:06 | Crear | Spearman ×5 |
| 42:07 | Crear | Spearman ×5 |
| 42:07 | Crear | Spearman ×5 |
| 42:07 | Crear | Spearman ×5 |
| 42:08 | Crear | Spearman ×2 |
| 42:08 | Crear | Spearman ×2 |
| 42:09 | Crear | Spearman |
| 42:18 | Construir | Farm |
| 42:44 | Crear | Knight ×5 |
| 42:45 | Crear | Knight |
| 42:45 | Crear | Knight |
| 43:56 | Crear | Knight ×5 |
| 43:56 | Crear | Knight ×5 |
| 43:56 | Crear | Knight ×4 |
| 43:57 | Crear | Knight ×4 |
| 44:33 | Investigar | Marauders |
| 44:54 | Crear | Mangonel ×5 |
| 46:12 | Crear | Knight ×5 |
| 47:13 | Investigar | Padded Archer Armor |
| 49:36 | Crear | Knight ×3 |
| 50:27 | Crear | Knight ×3 |
Cronología de la partida
| 11:16 | wacend · age_up feudal |
| 11:53 | Testudo · age_up feudal |
| 12:18 | Solinaj · age_up feudal |
| 12:49 | Goeki · first_building Barracks |
| 13:13 | DeekInSight · age_up feudal |
| 13:50 | Goeki · age_up feudal |
| 14:17 | Solinaj · first_building Barracks |
| 14:54 | NewTurco · age_up feudal |
| 15:13 | Testudo · first_building Barracks |
| 15:24 | Goeki · first_market_sell 100 wood |
| 15:57 | Testudo · first_building Archery Range |
| 17:01 | Solinaj · first_building Stable |
| 17:16 | wacend · age_up castle |
| 17:48 | wacend · first_building Monastery |
| 17:53 | Testudo · age_up castle |
| 18:01 | wacend · first_building Barracks |
| 18:34 | NewTurco · first_building Barracks |
| 18:58 | Goeki · first_building Stable |
| 19:10 | Goeki · age_up castle |
| 19:55 | Solinaj · age_up castle |
| 20:18 | Goeki · first_building Castle |
| 20:46 | Solinaj · first_building Castle |
| 22:39 | DeekInSight · age_up castle |
| 23:09 | wacend · first_building Siege Workshop |
| 23:27 | DeekInSight · first_building Castle |
| 24:00 | Testudo · first_building Monastery |
| 24:20 | NewTurco · age_up castle |
| 24:59 | wacend · first_building Archery Range |
| 25:11 | Solinaj · first_building Siege Workshop |
| 25:50 | DeekInSight · first_building Monastery |
| 27:33 | DeekInSight · first_building Barracks |
| 28:20 | wacend · first_building Castle |
| 28:26 | Testudo · first_building Siege Workshop |
| 28:36 | Testudo · first_building Stable |
| 28:58 | DeekInSight · first_building Stable |
| 29:31 | wacend · first_market_sell 100 wood |
| 29:54 | Goeki · first_building Monastery |
| 30:46 | NewTurco · first_building Castle |
| 31:29 | Goeki · first_building Siege Workshop |
| 32:48 | wacend · age_up imperial |
| 34:32 | Testudo · first_building Castle |
| 35:58 | Goeki · first_building Archery Range |
| 36:16 | Testudo · age_up imperial |
| 39:49 | DeekInSight · first_building Archery Range |
| 40:37 | DeekInSight · first_market_sell 100 wood |
| 42:55 | DeekInSight · age_up imperial |
| 44:14 | wacend · wall_segment Stone Wall x36 |
| 48:54 | Testudo · first_market_sell 500 wood |
| 50:19 | DeekInSight · first_building Siege Workshop |
| 55:08 | Solinaj · resign |
| 56:23 | Goeki · age_up imperial |
| 57:47 | NewTurco · age_up imperial |
[ ANÁLISIS IA · 1 CRÉDITO ]
¿Qué pasó realmente en esta partida?
Wolo.gg analiza cada decisión: build order, eco, micro, errores típicos por bracket. Análisis personalizado por WhatsApp o Discord en 30 segundos.
Guía civ
Maya
Guía mapa
Arena
Perfil
wacend